 Dungeon Crawl Stone Soup version 0.30-a0-949-g53dc5368d7 (webtiles) character file.

Game seed: 1621210444732172088

311 voltaire321 the Stinger (level 6, -2/44 HPs)
             Began as a Demonspawn Venom Mage on Mar 28, 2023.
             Slain by a phantom (5 damage)
             ... on level 4 of the Dungeon.
             The game lasted 00:12:59 (3256 turns).

voltaire321 the Stinger (Demonspawn Venom Mage)     Turns: 3256, Time: 00:13:00

Health: -2/44      AC:  2    Str: 10    XL:     6   Next: 18%
Magic:  10/10      EV: 12    Int: 17    God:
Gold:   172        SH:  3    Dex: 13    Spells: 3/10 levels left

rFire   . . .      SeeInvis .    p - +0 mace
rCold   . . .      Faith    .    v - +0 buckler
rNeg    . . .      Spirit   .    a - +0 robe
rPois   .          Reflect  .    (no helmet)
rElec   .          Rampage  .    (no cloak)
rCorr   .                        (no gloves)
Will    .....                    (no boots)
Stlth   ++                       f - amulet of magic regeneration
HPRegen 0.27/turn                o - ring of wizardry
MPRegen 0.52/turn                (no ring)

@: no status effects
A: claws 1
a: no special abilities


You were on level 4 of the Dungeon.
You visited 1 branch of the dungeon, and saw 4 of its levels.
You also visited: Sewer.

You collected 172 gold pieces.

Inventory:

Hand Weapons
 p - a +0 mace (weapon)
Missiles
 n - 6 curare-tipped darts
Armour
 a - a +0 robe (worn)
 v - a +0 buckler (worn)
Jewellery
 f - an amulet of magic regeneration (around neck)
 o - a ring of wizardry (left claw)
Wands
 w - a wand of digging (5)
Scrolls
 c - a scroll of fog {unknown}
 d - 4 scrolls of teleportation
 e - a scroll of noise {unknown}
 g - a scroll of fear {unknown}
 i - a scroll of immolation {unknown}
 j - a scroll of identify
 u - a scroll of silence {unknown}
 x - a scroll of enchant weapon {unknown}
Potions
 b - 2 potions of magic
 h - 3 potions of brilliance
 k - 2 potions of attraction {unknown}
 l - 2 potions of heal wounds {unknown}
 m - 2 potions of curing {unknown}
 q - 3 potions of might {unknown}
 r - a potion of mutation
 s - 2 potions of cancellation {unknown}
 t - a potion of haste {unknown}


   Skills:
 + Level 2.1 Fighting
 + Level 1.8 Armour
 + Level 2.8 Dodging
 - Level 1.7 Stealth
 + Level 0.2 Shields
 + Level 2.9 Spellcasting
 - Level 2.0 Transmutations
 + Level 1.8 Air Magic
 + Level 3.7 Poison Magic


You had 3 spell levels left.
You knew the following spells:

 Your Spells              Type           Power      Damage    Failure   Level
a - Sting                 Tmut/Pois      48%        1d5       3%          1
b - Poisonous Vapours     Pois/Air       22%        N/A       4%          2
c - Olgreb's Toxic Radia  Pois           15%        N/A       21%         4

Your spell library contained the following spells:

 Spells                   Type           Power      Damage    Failure   Level
 Mephitic Cloud           Conj/Pois/Air  8%         N/A       13%         3
 Gell's Gravitas          Tloc           2%         N/A       28%         3
 Ozocubu's Armour         Ice            2%         N/A       28%         3
 Teleport Other           Tloc           2%         N/A       28%         3
 Dispersal                Tloc           1%         N/A       100%        6
 Ozocubu's Refrigeration  Ice            1%         4d7       100%        7


Dungeon Overview and Level Annotations

Branches:
Dungeon (4/15)              Sewer (visited)
 Temple: D:4-7

Altars:
Gozag
Kikubaaqudgha

Shops:
D:3 [


Innate Abilities, Weirdness & Mutations

You have sharp fingernails.


Message History

Aiming: Sting (safe; 3% risk of failure)
Press: ? - help, Q - select action, (/) - cycle Shift-Dir - straight line, f/p - phantom
Aim: a phantom (lightly damaged, 60% to hit)
The sting misses the phantom.
The phantom closely misses you.
You hit the phantom.
The phantom is moderately damaged.
The phantom hits you.
The phantom blinks!
You blink.
Found 12 gold pieces.
You hit the phantom.
The phantom is heavily damaged.
The phantom hits you.
The phantom blinks!
You blink.
The phantom hits you.
You closely miss the phantom.
The phantom is heavily damaged.
The phantom barely misses you.
You hit the phantom but do no damage.
The phantom is heavily damaged.
The phantom hits you but does no damage.
The phantom hits you!
The phantom blinks!
You blink.
You barely miss the phantom.
The phantom is heavily damaged.
The phantom closely misses you.
You hit the phantom.
The phantom is severely damaged.
The phantom hits you.
The phantom blinks!
You blink.
Found a sling.
You hit the phantom.
The phantom is almost destroyed.
The phantom hits you.
* * * LOW HITPOINT WARNING * * *
The phantom hits you.
* * * LOW HITPOINT WARNING * * *
The phantom blinks!
You blink.
You barely miss the phantom.
The phantom is almost destroyed.
You block the phantom's attack.
You hit the phantom but do no damage.
The phantom is almost destroyed.
The phantom hits you.
* * * LOW HITPOINT WARNING * * *
The phantom hits you.
You die...

.##....# ......## #
#......### ##$#
#........#######..#
#........#.....ยง.##
#.)..#............###
#...W........##....#.
#...@........# #.....
........#.##$..)##
.##..
..#...#...##.....#
.#... ..
#...##..##....## ..#
#.. #..
##.##....###..#.#
.#...#. #.#...
.........##......
...... ..#...
............##.##
.#.... ......
#............###.
#..#.## #......
#..............#.


You could see a phantom.

Vanquished Creatures
  A hound (D:4)
  2 jellies (Sewer)
  An orc wizard (D:2)
  9 adders
  A shadow imp (D:3)
  An ufetubus (D:4)
  A worm (D:2)
  2 dart slugs
  4 orcs
  3 bats
  13 endoplasms
  7 giant cockroaches
  4 goblins
  7 hobgoblins
  3 jackals (D:2)
  5 kobolds
  8 quokkas
  13 ball pythons
  4 frilled lizards
  9 rats
98 creatures vanquished.

Vanquished Creatures (others)
  3 demonic plants (D:4)
3 creatures vanquished.

Grand Total: 101 creatures vanquished

Notes
Turn   | Place    | Note
-------+----------+-------------------------------------------
     0 | D:1      | voltaire321 the Demonspawn Venom Mage began the quest for
                  | the Orb.
     0 | D:1      | Reached XP level 1. HP: 13/13 MP: 3/3
    79 | D:1      | Reached skill level 1 in Transmutations
   174 | D:1      | Gained mutation: You have sharp fingernails. [demonic
                  | ancestry]
   174 | D:1      | Reached XP level 2. HP: 20/20 MP: 1/5
   454 | D:1      | Learned a level 2 spell: Poisonous Vapours
   665 | D:1      | Reached skill level 1 in Fighting
   674 | D:1      | Reached XP level 3. HP: 26/26 MP: 2/6
  1563 | D:2      | Reached XP level 4. HP: 32/32 MP: 7/7
  1740 | D:2      | Reached skill level 1 in Armour
  1815 | D:2      | Reached skill level 1 in Air Magic
  1915 | D:2      | Found an ancient bone altar of Kikubaaqudgha.
  2068 | D:3      | Found a glowing drain.
  2260 | D:3      | Reached XP level 5. HP: 37/37 MP: 6/8
  2261 | D:3      | Found an opulent altar of Gozag.
  2292 | Sewer    | Entered a sewer
  2504 | Sewer    | Found a viscous altar of Jiyva.
  2585 | D:3      | Learned a level 4 spell: Olgreb's Toxic Radiance
  2677 | D:3      | Noticed a phantom
  2722 | D:3      | Found a faded altar of an unknown god.
  2752 | D:3      | Found Goereko's Armour Shoppe.
  2942 | D:4      | Reached XP level 6. HP: 26/44 MP: 8/10
  3256 | D:4      | Slain by a phantom

Illustrated notes

Levels and vault maps discovered:
D:1:      minmay_arrival_loop, layout_basic, serial_bayou_pond_b,
          hex_intersection
D:2:      layout_loops_cross, basic_altar, nrook_loot_triangle,
          kennysheep_generic_room_6
D:3:      layout_rooms, lemuel_crystal_altar,
          shapermc_ecumenical_altar_totnotflames, serial_shops,
          nicolae_shop_window_shopping, portal_sewer_entry_a
D:4:      layout_cave_pools, mainiacjoe_overflow_two_lobes, serial_demonic,
          serial_demonic_f, serial_demonic_c, serial_demonic_e,
          serial_demonic_f, minmay_fractal_squares_diagonal_5

Skill      XL: |  1  2  3  4  5 |
---------------+----------------+-----
Transmutations | 1 2 |  2.0
Dodging        | 2 |  2.8
Fighting       | 1 2 |  2.1
Armour         | 1 |  1.8
Air Magic      | 1 |  1.8
Stealth        | |  1.7
Shields        | |  0.2
Spellcasting   | |  2.9
Poison Magic   | |  3.7

Action                     |  1- 3 |  4- 6 || total
---------------------------+-------+-------++-------
  Melee: Hand axe          |    61 |       ||    61
         Mace              |    11 |    59 ||    70
         Dagger            |    10 |       ||    10
         Punch             |     1 |     1 ||     2
   Cast: Sting             |    62 |   122 ||   184
    Use: Scroll            |       |     3 ||     3
 Armour: Robe              |    12 |    18 ||    30
  Dodge: Dodged            |    69 |    89 ||   158
  Block: Buckler           |       |     7 ||     7

Table legend: (Time is in decaauts)
 A = Elapsed time spent in this place.
 B = Non-inter-level travel time spent in this place.
 C = Inter-level travel time spent in this place.
 D = Time resting spent in this place.
 E = Time spent auto-exploring this place.
 F = Levels seen in this place.
 G = Mean time per level.
                   A        B        C        D        E       F      G
               +--------+--------+--------+--------+--------+-----+--------+
         Total |   3322 |   3263 |     59 |    730 |   1420 |   5 |  664.4 |
       Dungeon |   3037 |   2978 |     59 |    658 |   1377 |   4 |  759.2 |
         Sewer |    284 |    284 |      0 |     72 |     42 |   1 |  284.0 |
               +--------+--------+--------+--------+--------+-----+--------+

Top non-repeatable levels by time:
     D:1: 1311 daAuts
     D:2: 962 daAuts
     D:3: 545 daAuts
   Sewer: 284 daAuts
     D:4: 218 daAuts
